[Event "*** Titled Tuesday Blitz"]
[Site "Chess.com"]
[Date "2021.02.09"]
[Round "1"]
[White "PavelChernomordik"]
[Black "DanielDardha2005"]
[Result "0-1"]
[WhiteElo "2376"]
[BlackElo "2713"]
[TimeControl "180+1"]
[EndTime "10:07:55 PST"]
[Termination "DanielDardha2005 won by resignation"]

1. e4 c5 2. Nc3 Nc6 3. Bb5 Nd4 4. Bc4 e6 5. Nge2 a6 6. Nxd4 cxd4 7. Ne2 Bc5 8. d3 Nf6 9. Ng3 O-O 10. O-O d5 11.
Bb3 dxe4 12. dxe4 e5 13. Kh1 h6 14. Qd3 b5 15. f4 exf4 16. Bxf4 Bb7 17. Rae1 Qb6 18. Nf5 Rae8 19. Qg3 Nh5 20. Qg4 g6 21. Bd6 Kh7 22. Bxf8 Rxf8 23. Nh4 Nf6 24. Qf3 Be7 25.
Qg3 Nxe4 26. Rxe4 Bxe4 27. Bxf7 Bxh4 28. Qxh4 Bxg2+ 29. Kxg2 Qb7+ 30. Kg1 Rxf7 31. Qxd4 Rxf1+ 32. Kxf1 Qf7+ 33. Ke2 Qxa2 34. Qd7+ Kg8 35. Qe8+ Kg7 36. Qe5+ Kf7 37. Qc7+ Ke6 38. Qc6+ Kf5 39. Qf3+ Ke5 40. Qe3+ Kd5 41. Qxh6 Qxb2 42. Qxg6 a5 43. Qf7+ Kc5 44.
Qe7+ Kc4 45. Qe6+ Kc3 46. Qc6+ Kb4 47. h4 Qe5+ 48. Kf3 a4 49. Kg4 a3 50. c3+ Qxc3 51.
Qxc3+ Kxc3 52. h5 a2 53. h6 a1=Q 54. h7 Kc4 0-1

[Event "*** Titled Tuesday Blitz"]
[Site "Chess.com"]
[Date "2021.02.09"]
[Round "1"]
[White "Abdimalik_Abdisalimov"]
[Black "Meri-Arabidze"]
[Result "0-1"]
[WhiteElo "2295"]
[BlackElo "2602"]
[TimeControl "180+1"]
[EndTime "10:07:55 PST"]
[Termination "Meri-Arabidze won by checkmate"]

1. d4 d5 2. c4 e6 3. Nf3 Nf6 4. g3 Bb4+ 5. Bd2 Be7 6. Bg2 O-O 7. O-O Nbd7 8. b3 dxc4 9. bxc4 c5 10. e3 Rb8 11. Qc2 b6 12. Nc3 Bb7 13. Rfd1 Rc8 14. d5 e5 15. e4 Ne8 16. Ne1 Nd6 17. Nb5 Nxb5 18. cxb5 Bd6 19. Nd3 c4 20. Nb2 a6 21.
a4 c3 22. Bxc3 Bb4 23. Rd3 Rc5 24. Qd2 Bxc3 25. Rxc3 axb5 26. Rxc5 Nxc5 27. axb5 Nb3 28. Qd1 Nxa1 29. Qxa1 Qc7 30. Bf1 f5 31. Qb1 fxe4 32.
Qxe4 Qc5 33. Nd3 Qxd5 34. Qxd5+ Bxd5 35. Nxe5 Ra8 36. f4 Ra2 37. Nd7 Rb2 38. Nxb6 Be4 39. Nd7 Kf7 40. Ne5+ Kf6 41. Nd7+ Kf5 42. Nc5 Bf3 43.
Nd7 Ke6 44. Ne5 Be4 45. Bc4+ Kd6 46. Kf1 Kc5 47. Be2 Kd4 48. Ke1 Ke3 49. Bf1 Rb1# 0-1

[Event "*** Titled Tuesday Blitz"]
[Site "Chess.com"]
[Date "2021.02.09"]
[Round "1"]
[White "MikeSailer"]
[Black "crazy_but_lazy"]
[Result "0-1"]
[WhiteElo "2193"]
[BlackElo "2518"]
[TimeControl "180+1"]
[EndTime "10:07:56 PST"]
[Termination "crazy_but_lazy won on time"]

1. d4 Nf6 2. Nf3 e6 3. Bg5 Be7 4. e3 b6 5. Be2 Bb7 6. O-O O-O 7. c4 d6 8. Nc3 Nbd7 9. a4 c5 10. a5 Ne4 11. Bxe7 Qxe7 12. Nxe4 Bxe4 13. Qa4 Rfc8 14.
Rfd1 d5 15. axb6 Nxb6 16. Qa6 dxc4 17. dxc5 Qxc5 18. Nd4 h6 19. Nb5 Qg5 20. Bf1 Rd8 21.
Nxa7 Nd5 22. Qxc4 f5 23. Nc6 Rxa1 24. Rxa1 Rc8 25. Qa6 Rf8 26. Qb7 f4 27. exf4 Qxf4 28. Qa7 Kh7 29. Qd4 Nf6 30. Ra7 Qf5 31. Ne7 Qg5 32.
Kh1 Bf5 33. f3 Rc8 34. h3 Qc1 35. Kg1 Qc5 36. Qxc5 Rxc5 37. Nxf5 exf5 38. Bd3 Kg6 39. g4 Kg5 40. Bxf5 Kf4 41. Kf2 g5 42. Ra4+ Ke5 0-1

[Event "*** Titled Tuesday Blitz"]
[Site "Chess.com"]
[Date "2021.02.09"]
[Round "1"]
[White "StockholmMissile"]
[Black "PawnEatingZombie"]
[Result "1-0"]
[WhiteElo "2496"]
[BlackElo "2110"]
[TimeControl "180+1"]
[EndTime "10:07:56 PST"]
[Termination "StockholmMissile won on time"]

1. c4 e6 2. Nf3 d5 3. e3 Nf6 4.
Nc3 Bd6 5. b3 b6 6. Bb2 Bb7 7.
cxd5 exd5 8. Qc2 a6 9. d4 O-O 10. Bd3 Nbd7 11. O-O Qe7 12. h3 Rac8 13. Rad1 g6 14. Qb1 Ne4 15. Nd2 f5 16. Rfe1 Rce8 17. f3 Nxd2 18. Rxd2 Qg5 19. f4 Qh6 20. Rf2 Re7 21.
Bc1 Rfe8 22. Bd2 c5 23. Rff1 Qh4 24. Qd1 Qf6 25. Ne2 Rxe3 26. Bxe3 Rxe3 27. dxc5 bxc5 28.
Nc1 Qd4 29. Rxe3 Qxe3+ 30. Kh1 d4 31. Bc4+ Kg7 32. Qd3 Bxf4 33. Qxe3 Bxe3 34. Nd3 Nf6 35. Nxc5 Bc6 36. Nxa6 Nh5 37. Rd1 Ng3+ 38. Kh2 Ne4 39. Nb4 Bf4+ 40. Kg1 Bb7 41. Bd5 Be3+ 42. Kh2 Bc8 43.
Bxe4 fxe4 44. Nc2 Bf2 45. Nxd4 e3 46. Rc1 Kh6 47. Ne2 Bf5 48. a4 Bd3 49. Nf4 1-0

[Event "*** Titled Tuesday Blitz"]
[Site "Chess.com"]
[Date "2021.02.09"]
[Round "1"]
[White "onetowin"]
[Black "awesomevishesh"]
[Result "0-1"]
[WhiteElo "2007"]
[BlackElo "2481"]
[TimeControl "180+1"]
[EndTime "10:07:56 PST"]
[Termination "awesomevishesh won by resignation"]

1. d4 Nf6 2. Nc3 d5 3. Bf4 g6 4. e3 Bg7 5. Bd3 O-O 6. h4 h5 7. Nf3 c6 8. Ne5 Nbd7 9. Qe2 Nxe5 10. dxe5 Ng4 11. f3 Nxe5 12. O-O-O Qa5 13. Kb1 Nxd3 14. Qxd3 Bf5 15. e4 dxe4 16. fxe4 Bg4 17. Rdf1 Rfd8 18.
Qe3 Be6 19. e5 b5 20. b3 Rd7 21. Ne4 Bf5 22. Nc5 Rd5 23. Bg3 Qa3 24. Rxf5 Qxc5 25. Rf3 Bxe5 26. Bxe5 Rxe5 27. Qd3 Qd6 28. Qxd6 exd6 29.
Rd1 d5 30. Rdd3 Rae8 31. Rf6 R8e6 32. Rdf3 Kg7 33. R6f4 Re1+ 34. Kb2 f5 35. Rf2 Kf6 36.
Rd2 R6e4 37. Rxe4 fxe4 38. Rf2+ Ke5 39. Rf7 e3 40. Re7+ Kf4 41. Kc3 Rd1 42. Rf7+ Kg4 43. Re7 d4+ 44. Kb2 Kxh4 45. Re4+ Kg3 46. Re6 g5 47.
Rxc6 e2 48. Re6 e1=Q 0-1

[Event "*** Titled Tuesday Blitz"]
[Site "Chess.com"]
[Date "2021.02.09"]
[Round "1"]
[White "woodhy"]
[Black "PSvidler"]
[Result "0-1"]
[WhiteElo "2446"]
[BlackElo "2880"]
[TimeControl "180+1"]
[EndTime "10:07:58 PST"]
[Termination "PSvidler won by checkmate"]

1. e4 c5 2. Nf3 d6 3. d4 cxd4 4.
Nxd4 Nf6 5. Nc3 a6 6. h3 e5 7.
Nde2 h5 8. Bg5 Be6 9. g3 Nbd7 10.
Bg2 Be7 11. O-O Rc8 12. a4 Nf8 13. a5 N8h7 14. Be3 Qd7 15. Kh2 h4 16. g4 Bxg4 17.
hxg4 Nxg4+ 18. Kh1 h3 19. Bf3 Nhf6 20. Ng3 g6 21.
Qd3 Qe6 22. Rad1 Nxe3 23. Qxe3 Bd8 24. Ra1 Rc5 25. Rfd1 Rxa5 26. Rxa5 Bxa5 27. Nd5 Nxd5 28. Rxd5 Bb4 29. c3 Bc5 30. Qe2 Qf6 31. b4 Ba7 32.
Qd3 Ke7 33. Qe2 Qf4 34. Kh2 Rc8 35. Rd3 Qc1 36. Qd2 Qxd2 37. Rxd2 Rxc3 38. Bg4 Rb3 39. Rc2 Bb6 40. Bc8 Rxb4 41. Bxb7 Bxf2 42. Bxa6 Bxg3+ 43. Kxg3 Rxe4 44. Kxh3 Rd4 45. Kg3 f5 46.
Kf3 Kf6 47. Ke3 g5 48. Rc8 g4 49. Ke2 f4 50. Bd3 g3 51. Rf8+ Ke7 52. Rg8 e4 53.
Ba6 Ra4 54. Bb5 Ra2+ 55. Ke1 g2 56. Bc4 Rb2 57. Rg6 f3 58. Rg4 f2+ 59. Kd1 g1=Q+ 60. Bf1 Qxf1# 0-1

[Event "*** Titled Tuesday Blitz"]
[Site "Chess.com"]
[Date "2021.02.09"]
[Round "1"]
[White "dragos420"]
[Black "esteban062000"]
[Result "1-0"]
[WhiteElo "2504"]
[BlackElo "2147"]
[TimeControl "180+1"]
[EndTime "10:07:58 PST"]
[Termination "dragos420 won by checkmate"]

1. e4 c5 2. Nf3 g6 3. c3 d5 4. exd5 Qxd5 5. d4 Bg7 6. Be3 Nf6 7. dxc5 Qxd1+ 8. Kxd1 Ng4 9. Nbd2 Nd7 10. Nb3 O-O 11.
Bb5 Nxe3+ 12. fxe3 Nf6 13. Ke2 Bg4 14. h3 Bd7 15. Bxd7 Nxd7 16. Rad1 Nf6 17. Rd3 Rac8 18. Rhd1 Rc7 19. Nfd4 a6 20. Nc2 h5 21. Nb4 Rfc8 22.
Nd5 Nxd5 23. Rxd5 e6 24. Rd8+ Rxd8 25. Rxd8+ Kh7 26. Rb8 Be5 27. Rd8 Kg7 28. Kd3 Bf6 29. Rb8 Be7 30. Kc4 b5+ 31. Kb4 Rc6 32. c4 bxc4 33.
Kxc4 Rc7 34. Rb6 Bf6 35. Nd4 e5 36. Nc2 e4 37. b4 a5 38. bxa5 Ra7 39. Rb5 Bd8 40.
Kb4 Ra6 41. Nd4 Ra8 42. c6 Bc7 43. a4 Bd6+ 44. Kc4 Ra6 45. Rd5 Bc7 46. Rd7 Bxa5 47.
Kb5 Ra8 48. c7 Bxc7 49. Rxc7 Rb8+ 50. Kc4 Ra8 51. Kb4 Rb8+ 52. Nb5 Rd8 53. a5 Rd3 54. a6 Rxe3 55. a7 Re1 56. a8=Q Rb1+ 57. Kc5 Rc1+ 58. Kb6 Re1 59. Qd5 e3 60. Qxf7+ Kh6 61.
Qf4+ g5 62. Qf6# 1-0

[Event "*** Titled Tuesday Blitz"]
[Site "Chess.com"]
[Date "2021.02.09"]
[Round "1"]
[White "Nikolaj_6"]
[Black "Cambek64"]
[Result "1-0"]
[WhiteElo "2652"]
[BlackElo "2336"]
[TimeControl "180+1"]
[EndTime "10:07:59 PST"]
[Termination "Nikolaj_6 won by resignation"]

1. e4 e6 2. d4 d5 3. Nc3 Nc6 4. Nf3 Nf6 5. e5 Ne4 6. Ne2 f6 7. Ng3 fxe5 8. Bb5 exd4 9. Nxe4 dxe4 10. Nxd4 Bd7 11. Bxc6 Bxc6 12. Qh5+ Kd7 13. Bg5 Qe8 14.
Qg4 Qg6 15. O-O-O Bd6 16. Nxc6 Kxc6 17. Qh4 Raf8 18. Kb1 h6 19. Be3 e5 20. g3 b6 21.
Qh3 Kb7 22. Rhe1 Rf3 23. Qd7 Kb8 24. a4 Qe8 25. Qxg7 Rhf8 26. Qxh6 Qxa4 27. Rxd6 cxd6 28. Qxd6+ Kb7 29. Qxe5 Rc8 30. Rc1 Qc6 31. h4 a5 32.
h5 Rf7 33. g4 Rfc7 34. g5 Ka6 35. h6 Qa4 36. b3 Qb4 37. Qd4 Rc4 38. Qd2 Rc3 39.
Kb2 a4 40. Qd4 Rxb3+ 41. cxb3 Qxb3+ 42. Ka1 Qa3+ 43. Kb1 Qb3+ 44. Qb2 Qd3+ 45. Ka1 Rxc1+ 46. Qxc1 a3 47. Ka2 b5 48. Qxa3+ 1-0

[Event "*** Titled Tuesday Blitz"]
[Site "Chess.com"]
[Date "2021.02.09"]
[Round "1"]
[White "KaterinaMiroshnik"]
[Black "Smile2005"]
[Result "0-1"]
[WhiteElo "2601"]
[BlackElo "2328"]
[TimeControl "180+1"]
[EndTime "10:07:59 PST"]
[Termination "Smile2005 won by resignation"]

1. d3 g6 2. Nd2 Bg7 3. Ngf3 Nf6 4.
e4 O-O 5. Be2 d6 6. O-O c5 7. c3 Nc6 8. Qc2 Rb8 9. Re1 b5 10.
a3 a5 11. Nf1 Bd7 12. Bd2 b4 13. axb4 axb4 14. Ng3 Qb6 15. Be3 Ng4 16. Bd2 bxc3 17. bxc3 Qb2 18. Rec1 Be6 19. h3 Nge5 20. Ng5 Qxc2 21.
Rxc2 Bb3 22. Rcc1 h6 23. Nf3 Nxf3+ 24. Bxf3 Ne5 25. Be2 Rb7 26. f4 Nc6 27. Nf1 Rfb8 28. Ne3 e6 29. Kf2 d5 30. exd5 exd5 31. Bf3 Ne7 32. Ra5 d4 33. Nd1 Rb5 34. Rxb5 Rxb5 35. c4 Rb6 36. Rb1 Nc8 37. Bd5 Bc2 38. Rxb6 Nxb6 39.
Ke2 Nxd5 40. cxd5 Bb3 41. d6 Kf8 42. Nf2 f5 43. g4 Ke8 44. h4 Kd7 45. h5 fxg4 46.
hxg6 g3 47. Ne4 Bd5 48. Nxc5+ Kxd6 49. Ne4+ Bxe4 50. dxe4 h5 51. Kf3 h4 52. f5 Ke5 53.
Bf4+ Kf6 54. Kg4 g2 55. Bh2 d3 56. Kf3 h3 57. Ke3 Kg5 58. Kxd3 Be5 59. Bg1 Kf6 60. Ke3 h2 61. Kf2 h1=Q 0-1

[Event "*** Titled Tuesday Blitz"]
[Site "Chess.com"]
[Date "2021.02.09"]
[Round "1"]
[White "jaramsdal"]
[Black "Aygehovit1992"]
[Result "0-1"]
[WhiteElo "2303"]
[BlackElo "2610"]
[TimeControl "180+1"]
[EndTime "10:07:59 PST"]
[Termination "Aygehovit1992 won by resignation"]

1. d4 Nf6 2. c4 g6 3. Nc3 d5 4. cxd5 Nxd5 5. e4 Nxc3 6. bxc3 Bg7 7. Be3 c5 8. Nf3 Qa5 9. Qd2 O-O 10. Rc1 Rd8 11. d5 Nc6 12. Bd3 Ne5 13. Nxe5 Bxe5 14. c4 Qxd2+ 15. Kxd2 b6 16. f4 Bg7 17. e5 f6 18. e6 f5 19. Bc2 b5 20. Bb3 bxc4 21. Bxc4 Bb7 22. Bxc5 Bxd5 23. Bxd5 Rxd5+ 24. Ke2 Bd4 25. Bxe7 Re8 26. Rc7 Bb6 27. Rb7 Bc5 28. Bxc5 Rxc5 29.
e7 Ra5 30. Rd1 Kf7 31. Rdd7 Rxa2+ 32. Kf3 a5 33. Ra7 a4 34. Rd4 Ra3+ 35. Kf2 Ra2+ 36. Kf3 Rxe7 37. Raxa4 Rae2 38. Rd3 Re1 39. Rda3 Kg7 40.
Ra7 Rxa7 41. Rxa7+ Kh6 42. Ra3 Kh5 43. Kg3 h6 44. h3 g5 45. fxg5 hxg5 46. Ra5 f4+ 47. Kh2 Re2 48. h4 Kxh4 49. Ra8 f3 50. Rh8+ Kg4 51.
Rf8 Rxg2+ 52. Kh1 Rb2 53. Kg1 Kg3 0-1

[Event "*** Titled Tuesday Blitz"]
[Site "Chess.com"]
[Date "2021.02.09"]
[Round "1"]
[White "manipun1"]
[Black "FMJoseHerrera"]
[Result "0-1"]
[WhiteElo "2277"]
[BlackElo "2579"]
[TimeControl "180+1"]
[EndTime "10:07:59 PST"]
[Termination "FMJoseHerrera won on time"]

1. e4 c5 2. Nf3 e6 3. c4 a6 4. Nc3 Qc7 5. Be2 b6 6. O-O Bb7 7. d4 cxd4 8. Nxd4 Nf6 9. Qd3 d6 10. Be3 Nbd7 11. f3 Be7 12. Rac1 Rc8 13. b3 h5 14. Rfd1 h4 15. Bf1 h3 16. g3 Ne5 17.
Qe2 Qb8 18. Qf2 Ng6 19. Nde2 Nd7 20. Nf4 Nge5 21. Nxh3 Nf6 22. Nf4 b5 23. cxb5 Rxc3 24. Rxc3 Bxe4 25. Bg2 Bb7 26. bxa6 Bxa6 27. Rdc1 O-O 28.
Rc7 Bd8 29. Ra7 Bb7 30. Ra4 Bc6 31. Rd4 Bb6 32. Rdd1 Nfg4 33. fxg4 Nxg4 34. Bxb6 Nxf2 35. Rxc6 Nxd1 36. a4 d5 37. a5 Qe5 38. Bf1 Ne3 39. Nd3 Qe4 40. Nf2 Qe5 41. Nd3 Qg5 42. Be2 d4 43. Nf4 Nd5 44. Nxd5 Qxd5 45. Rc4 d3 46. Bd1 e5 47. a6 Qb5 48. Bc7 Qxa6 49. Bxe5 Re8 50.
Bc3 Qb6+ 51. Kg2 Qe3 52. Bf3 d2 53. Bxd2 Qxd2+ 0-1

[Event "*** Titled Tuesday Blitz"]
[Site "Chess.com"]
[Date "2021.02.09"]
[Round "1"]
[White "FMOlexandrProhorov"]
[Black "vladgoncharov"]
[Result "0-1"]
[WhiteElo "2128"]
[BlackElo "2500"]
[TimeControl "180+1"]
[EndTime "10:07:59 PST"]
[Termination "vladgoncharov won by resignation"]

1. e4 e6 2. d4 d5 3. Nc3 Bb4 4. Ne2 dxe4 5. a3 Be7 6. Nxe4 Nd7 7. g3 Ngf6 8. Nxf6+ Bxf6 9. Bg2 O-O 10. O-O e5 11.
Be3 exd4 12. Bxd4 Ne5 13. h3 c6 14. f4 Nc4 15. b3 Nb6 16. c4 Bf5 17. g4 Bc2 18.
Qxc2 Bxd4+ 19. Nxd4 Qxd4+ 20. Kh1 Rfe8 21. Rad1 Qe3 22.
a4 a5 23. Rd3 Qc5 24. Qd2 h6 25. f5 f6 26. Re1 Kh7 27. Re6 Rxe6 28. fxe6 Re8 29. Be4+ Kg8 30. Bf5 g6 31. Bxg6 Rxe6 32. Bf5 Re7 33. Kg2 Kg7 34. Rd8 Qe5 35. Qf2 Qe3 36.
Rb8 Qxf2+ 37. Kxf2 Kf7 38. c5 Nd7 39. Rxb7 Nxc5 40. Rb6 Re5 41. Kf3 Ke7 42. Rxc6 Nxb3 43. Rc7+ Kd6 44. Rd7+ Kc6 45. Rf7 Nd4+ 46. Kf2 Nxf5 47.
Rxf6+ Nd6 48. Rf5 Nxf5 49. gxf5 Rxf5+ 50. Ke3 Rh5 51. Ke4 Rxh3 52. Kf4 Rh4+ 0-1

[Event "*** Titled Tuesday Blitz"]
[Site "Chess.com"]
[Date "2021.02.09"]
[Round "1"]
[White "Joseacorrea"]
[Black "Rap_woyska"]
[Result "0-1"]
[WhiteElo "2002"]
[BlackElo "2479"]
[TimeControl "180+1"]
[EndTime "10:07:59 PST"]
[Termination "Rap_woyska won on time"]

1. c4 e5 2. Nc3 Bb4 3. Nd5 Bc5 4.
g3 c6 5. Nc3 d5 6. cxd5 cxd5 7.
Bg2 Nf6 8. d3 h6 9. Nf3 Nc6 10.
O-O O-O 11. a3 e4 12. dxe4 dxe4 13. Qxd8 Rxd8 14. Ne1 Bf5 15. Nc2 Rac8 16. Be3 Ne5 17. Bxc5 Rxc5 18. Ne3 Bg6 19. Rfd1 Rdc8 20. Ned5 Nxd5 21.
Rxd5 Rxd5 22. Nxd5 Kf8 23. Nc3 f5 24. Rd1 Bf7 25. Rd4 Nc4 26. Nb5 Nxb2 27. Nd6 Rc1+ 28. Bf1 Bh5 29. Kg2 g6 30. Nxb7 Nc4 31. Nd6 Ne5 32.
f3 exf3+ 33. exf3 Bxf3+ 34. Kf2 Rc2+ 35. Kg1 Bc6 36. Rf4 Nf3+ 37. Rxf3 Bxf3 38. Nb5 Ke7 39. Nd4 Rc3 40. Kf2 Bd5 41. Be2 Rxa3 42. Nb5 Ra2 43.
Nc3 Ra5 44. h4 Ba8 45. h5 gxh5 46. Bxh5 Kf6 47. Be2 Ra3 48. Nb5 Ra2 0-1

[Event "*** Titled Tuesday Blitz"]
[Site "Chess.com"]
[Date "2021.02.09"]
[Round "1"]
[White "zacachess"]
[Black "Sam_ChessMood"]
[Result "1/2-1/2"]
[WhiteElo "2443"]
[BlackElo "2847"]
[TimeControl "180+1"]
[EndTime "10:08:03 PST"]
[Termination "Game drawn by repetition"]

1. e4 e5 2. Nf3 Nf6 3. d4 exd4 4.
e5 Ne4 5. Qxd4 d5 6. exd6 Nxd6 7.
Bd3 Nc6 8. Qf4 Be7 9. O-O O-O 10. Nc3 Be6 11. a3 Bf6 12. Ng5 Bxg5 13. Qxg5 Qxg5 14.
Bxg5 Bc4 15. Rad1 Bxd3 16. Rxd3 Nc4 17. Bc1 Rad8 18. Rfd1 Rxd3 19. Rxd3 Re8 20. Kf1 N6e5 21. Rd1 c6 22. b3 Nb6 23. Re1 Re6 24. Ne4 Ned7 25. a4 h6 26. Ba3 Nd5 27. Nd6 Rxe1+ 28. Kxe1 b6 29. g3 c5 30. c4 Nc7 31. Nb5 Nxb5 32.
axb5 f6 33. Bb2 Kf7 34. Ke2 h5 35. f4 Ke6 36. Kf3 Nb8 37. h3 a6 38. bxa6 Nxa6 39. g4 hxg4+ 40. hxg4 Nb4 41. f5+ Ke7 42. Ke4 Kd6 43.
g5 Ke7 44. gxf6+ gxf6 45. Bc3 Na2 46. Bb2 Nb4 47. Bc3 Na2 48. Bd2 Kd6 49. Bf4+ Kd7 50. Bd2 Kd6 51. Bf4+ Kd7 52. Bd2 Kd6 1/2-1/2

[Event "*** Titled Tuesday Blitz"]
[Site "Chess.com"]
[Date "2021.02.09"]
[Round "1"]
[White "Szparu"]
[Black "ChelsieMonica"]
[Result "1-0"]
[WhiteElo "2686"]
[BlackElo "2362"]
[TimeControl "180+1"]
[EndTime "10:08:04 PST"]
[Termination "Szparu won by resignation"]

1. d4 Nf6 2. c4 e6 3. Nc3 Bb4 4. f3 d5 5. a3 Bxc3+ 6. bxc3 O-O 7. cxd5 exd5 8. e3 Bf5 9. Ne2 Re8 10. g4 Bg6 11. h4 h5 12. g5 Nfd7 13. Nf4 Nb6 14. Nxg6 fxg6 15. Bd3 Re6 16. Ra2 Nc6 17. Re2 Qe7 18. Qc2 Qf7 19. Rf1 Rae8 20. e4 Rf8 21. a4 Qe7 22. Qa2 Qd6 23. e5 Qd8 24. a5 Nc8 25. f4 N6e7 26. c4 c6 27. a6 b6 28.
Ba3 Rf7 29. Rf3 Nf5 30. cxd5 cxd5 31. Bxf5 gxf5 32. Rc2 Ne7 33. Bxe7 Rfxe7 34. Rfc3 Kh7 35. Rc8 Qd7 36. R2c7 Qb5 37. Qc2 g6 38. Rxe7+ Rxe7 39. Rc7 Qa5+ 40. Kf2 Rxc7 41. Qxc7+ Kg8 42. Qb8+ Kf7 43.
Qxa7+ Ke6 44. Ke2 Qa2+ 45. Kd3 Qb3+ 46. Kd2 Qb2+ 47. Ke1 Qc1+ 48. Ke2 Qc2+ 49. Ke1 Qe4+ 50. Kd1 Qxd4+ 51. Kc2 Qc4+ 52. Kb2 Qe2+ 53. Ka3 Qe3+ 54.
Kb2 Qf2+ 55. Kb3 Qxf4 56. Qxb6+ Kxe5 57. a7 Qf3+ 58. Kb4 d4 59. Qb8+ Ke6 60. a8=Q Qxa8 61. Qxa8 Ke5 62. Qf3 f4 63. Kc4 Kf5 64. Kxd4 1-0

[Event "*** Titled Tuesday Blitz"]
[Site "Chess.com"]
[Date "2021.02.09"]
[Round "1"]
[White "Ladislav1969"]
[Black "Vesper2018"]
[Result "1-0"]
[WhiteElo "2320"]
[BlackElo "2595"]
[TimeControl "180+1"]
[EndTime "10:08:04 PST"]
[Termination "Ladislav1969 won on time"]

1. e4 c5 2. d4 cxd4 3. c3 dxc3 4. Nxc3 Nc6 5. Nf3 d6 6. Bc4 Nf6 7. e5 dxe5 8. Qxd8+ Nxd8 9. Nb5 Rb8 10. Nxe5 e6 11.
Nc7+ Ke7 12. Be3 b6 13. Rc1 Bd7 14. Ke2 Nb7 15. Rhd1 Nd6 16. Rxd6 Kxd6 17. Nxf7+ Kxc7 18. Nxh8 Bc5 19. Bf4+ Bd6 20. Bb5+ Kb7 21. Bxd6 Bxb5+ 22. Kf3 Rxh8 23. Rc7+ Ka6 24. Rxg7 Nd5 25. Be5 Rf8+ 26. Kg3 h5 27. f3 Nf6 28. Rg6 Nd7 29. Rxe6 Nxe5 30. Rxe5 Be8 31. f4 Bg6 32. Rg5 Bb1 33. a3 h4+ 34. Kf3 Kb7 35. Rh5 Bc2 36. Rxh4 Re8 37. g4 Be4+ 38. Kg3 Kc6 39. Rh6+ Kd5 40. f5 b5 41. Kf4 a5 42. Ra6 Kc5 43. h4 Bc2 44. f6 Re4+ 45. Kf3 Re1 46. g5 Rf1+ 47. Kg4 a4 48. Kh5 Rh1 49. f7 Rf1 50. Rf6 1-0

[Event "*** Titled Tuesday Blitz"]
[Site "Chess.com"]
[Date "2021.02.09"]
[Round "1"]
[White "wannabe2700"]
[Black "Savagelittlemole"]
[Result "1-0"]
[WhiteElo "2777"]
[BlackElo "2403"]
[TimeControl "180+1"]
[EndTime "10:08:05 PST"]
[Termination "wannabe2700 won by resignation"]

1. b3 e5 2. Bb2 Nc6 3. e3 a6 4.
c4 Nf6 5. Nf3 d6 6. Nc3 Be7 7.
d4 Bg4 8. d5 Nb8 9. h3 Bxf3 10.
Qxf3 Nbd7 11. Bd3 Nc5 12. Bc2 a5 13. a3 O-O 14. O-O Re8 15. Bc1 Bf8 16. e4 Qd7 17. Bg5 Be7 18. Bd2 g6 19. b4 axb4 20. axb4 Rxa1 21. Rxa1 Na6 22. Ba4 c6 23. b5 Nb8 24.
bxc6 bxc6 25. dxc6 Nxc6 26. Nd5 Kg7 27. Nxe7 Rxe7 28. Bh6+ Kxh6 29. Qxf6 Re6 30. Bxc6 Qxc6 31. Qxf7 Qe8 32. Qc7 Qe7 33. Qb6 Qf6 34. Ra7 Re7 35. Ra6 Rd7 36. c5 Qf4 37. c6 Rf7 38. c7 Qc1+ 39.
Kh2 Qxc7 40. Qxd6 Qxd6 41. Rxd6 Re7 42. Kg3 Kg5 43. Kf3 h5 44. Ke3 h4 45. g3 hxg3 46. fxg3 Rh7 47. h4+ Kh5 48. Re6 Rg7 49. Rxe5+ Kg4 50.
Rg5+ Kh3 51. h5 Rh7 52. hxg6 Rg7 53. e5 Kg2 54. e6 Re7 55. g7 Rxe6+ 56. Kf4 Rf6+ 57.
Ke5 1-0

[Event "*** Titled Tuesday Blitz"]
[Site "Chess.com"]
[Date "2021.02.09"]
[Round "1"]
[White "Soledadense88"]
[Black "Willychess95"]
[Result "0-1"]
[WhiteElo "2321"]
[BlackElo "2625"]
[TimeControl "180+1"]
[EndTime "10:08:05 PST"]
[Termination "Willychess95 won by resignation"]

1. e4 c5 2. Nf3 d6 3. d4 cxd4 4. Nxd4 Nf6 5. Nc3 g6 6. Be3 a6 7. f3 b5 8. Qd2 Bb7 9. a4 b4 10. Na2 e5 11. Nb3 d5 12. exd5 Nxd5 13. Bc5 Be7 14.
Nxb4 Bg5 15. Qf2 Nc6 16. Nxd5 Qxd5 17. Rd1 Qe6 18. Rd6 Qc8 19. Rd1 Nd4 20. Rxd4 exd4 21. Qxd4 Qe6+ 22. Be2 Bf6 23. Qc4 O-O-O 24. Qxe6+ fxe6 25. O-O Rhe8 26. c3 Kc7 27. a5 Kb8 28. Bb6 Rd6 29. Nc5 Rd2 30. Bxa6 Bxa6 31. Nxa6+ Kc8 32.
Nc7 Re7 33. Nb5 Rxb2 34. c4 Rd7 35. a6 Rdd2 36. Bf2 Ra2 37. g4 Bh4 38. a7 Bxf2+ 39. Rxf2 Rxf2 40. a8=Q+ Rxa8 41. Kxf2 Kd7 42. Kg3 Ra4 43.
Nd4 Rxc4 44. Ne2 Ra4 45. h4 Ra2 46. Nf4 Ke7 47. g5 Kd6 48. Nd3 Ra5 49. Nf4 Ke5 50.
Nd3+ Kf5 51. Nf2 Ra4 52. Ne4 Rxe4 53. fxe4+ Kxe4 54. Kg4 e5 55. h5 Kd3 56. h6 e4 57. Kf4 e3 58. Ke5 e2 59. Kf6 e1=Q 60.
Kg7 Qe7+ 61. Kg8 Kd4 0-1

[Event "*** Titled Tuesday Blitz"]
[Site "Chess.com"]
[Date "2021.02.09"]
[Round "1"]
[White "Legendinunknown"]
[Black "BJthechessgod"]
[Result "1-0"]
[WhiteElo "2608"]
[BlackElo "2300"]
[TimeControl "180+1"]
[EndTime "10:08:05 PST"]
[Termination "Legendinunknown won by checkmate"]

1. d4 Nf6 2. c4 e6 3. Nc3 Bb4 4. f3 d5 5. a3 Be7 6. e4 dxe4 7. fxe4 O-O 8. Nf3 c5 9. d5 exd5 10. exd5 Re8 11. Be2 a6 12. O-O Bd6 13. Bg5 Nbd7 14. Qd2 Qc7 15. Rae1 b6 16. Bd3 Bb7 17. Ne4 Nxe4 18.
Bxe4 Nf8 19. Qd3 b5 20. b3 bxc4 21. bxc4 h6 22. Bd2 Bc8 23. Bh7+ Nxh7 24. Rxe8+ Nf8 25.
Rfe1 Rb8 26. h3 Rb7 27. Rb1 Bd7 28. Rxb7 Qxb7 29. Re1 Ng6 30. Qb1 Qc7 31. Qb2 Bg3 32. Re2 Kh7 33. Bc3 f6 34. Qc2 Qf4 35. Bd2 Qb8 36. Be1 f5 37. Bxg3 Qxg3 38. Re3 f4 39.
Rc3 Bxh3 40. Ne5 Qe1+ 41. Kh2 Qxe5 42. Rxh3 f3+ 43. Rg3 Qh5+ 44. Kg1 fxg2 45. Rxg2 a5 46. d6 Kg8 47. Qxg6 Qe5 48. Qxg7+ Qxg7 49. Rxg7+ Kxg7 50. d7 Kf7 51. d8=Q Ke6 52. Qxa5 Kf5 53. Qb5 Ke4 54. a4 Kd4 55. a5 Kc3 56. a6 h5 57. a7 h4 58.
a8=Q h3 59. Qd5 h2+ 60. Kxh2 Kc2 61. Qbxc5 Kc3 62. Qe3+ Kb4 63. c5 Ka4 64. Qb7 Ka5 65. Qa3# 1-0

[Event "*** Titled Tuesday Blitz"]
[Site "Chess.com"]
[Date "2021.02.09"]
[Round "1"]
[White "FMalexhdez"]
[Black "Skatchkov_V"]
[Result "0-1"]
[WhiteElo "2177"]
[BlackElo "2509"]
[TimeControl "180+1"]
[EndTime "10:08:05 PST"]
[Termination "Skatchkov_V won by resignation"]

1. e4 e5 2. Nf3 d5 3. d4 dxe4 4.
Nxe5 Bd6 5. Nc4 Nf6 6. Nxd6+ Qxd6 7. Nc3 O-O 8. Be2 Nc6 9. Be3 Be6 10. O-O Rad8 11.
Nb5 Qd7 12. c3 a6 13. Na3 Nd5 14. Nc2 Nxe3 15. Nxe3 f5 16. f4 exf3 17. Bxf3 f4 18. Ng4 Bd5 19. Re1 Rde8 20. Ne5 Nxe5 21. dxe5 Rd8 22. Bxd5+ Qxd5 23. Qxd5+ Rxd5 24. Re2 Re8 25. Rae1 Kf7 26. h4 Ke6 27. c4 Rc5 28. Re4 a5 29. b3 Rf8 30. Kf2 Rf5 31. Kf3 Rcxe5 32. Kg4 h6 33.
Rxe5+ Rxe5 34. Rf1 g5 35. hxg5 hxg5 36. Rh1 Re2 37.
Kxg5 Rxg2+ 38. Kxf4 Rxa2 39. Rh6+ Kd7 40. Rh3 Kc6 41.
Ke4 Kc5 42. Rh5+ Kc6 43. Kd4 Ra3 44. Rb5 b6 45. Kc3 a4 46. Kb2 Rxb3+ 47. Rxb3 axb3 48. Kxb3 Kc5 49. Kc3 c6 50. Kb3 Kd4 51. Kb4 c5+ 52.
Kb5 Kc3 0-1

[Event "*** Titled Tuesday Blitz"]
[Site "Chess.com"]
[Date "2021.02.09"]
[Round "1"]
[White "Anton_Demchenko"]
[Black "GM_Huschenbeth"]
[Result "0-1"]
[WhiteElo "2855"]
[BlackElo "2497"]
[TimeControl "180+1"]
[EndTime "10:08:06 PST"]
[Termination "GM_Huschenbeth won on time"]

1. e4 c5 2. Nf3 d6 3. d4 cxd4 4. Qxd4 Nf6 5. Nc3 Nc6 6. Qe3 g6 7. h3 Bg7 8. Bc4 O-O 9. O-O Bd7 10. Rd1 Rc8 11. Bb3 Qc7 12. Qf4 Na5 13. Qh4 Rfe8 14. Bh6 Bh8 15. Be3 Nxb3 16. axb3 a6 17. Ng5 Bc6 18. Bd4 e5 19. Be3 Bg7 20. Rd3 h6 21.
Nf3 g5 22. Bxg5 hxg5 23. Nxg5 Kf8 24. Rf3 Qe7 25. Rd1 Red8 26. Rdd3 Ke8 27. Ne2 Kd7 28. Ng3 Rh8 29. Rxf6 Rxh4 30. Rxf7 Qxf7 31. Nxf7 Kc7 32. Ng5 Kb8 33. Rxd6 Rhh8 34. Rg6 Bf8 35. Nf7 Rh7 36.
Nxe5 Be8 37. Rg8 Bc5 38. Nd3 Bd4 39. Rg5 Bc6 40. Nf5 Ba7 41. Nd6 Rd8 42. e5 Re7 43.
h4 Rf8 44. h5 Bb5 45. c4 Be8 46. h6 Rh7 47. Rg7 Rxg7 48. hxg7 Rg8 0-1